 Dungeon Crawl Stone Soup version 0.30-a0-368-g86fb4627a9 (webtiles) character file.

Game seed: 17239274399218351448

308 Manisia the Gusty (level 6, 0/35 HPs)
             Began as a Tengu Wanderer on Nov 19, 2022.
             Slain by a gnoll
             ... wielding a +0 halberd
             ... led by a gnoll bouda
              (9 damage)
             ... on level 4 of the Dungeon.
             The game lasted 00:07:00 (3616 turns).

Manisia the Gusty (Tengu Wanderer)                  Turns: 3616, Time: 00:07:01

Health: 0/35       AC: 15    Str: 18    XL:     6   Next: 40%
Magic:  11/11      EV:  2    Int: 14    God:
Gold:   34         SH:  0    Dex: 12    Spells: 10/11 levels left

rFire   . . .      SeeInvis +    o - +0 war axe
rCold   . . .      Faith    .    (no shield)
rNeg    . . .      Spirit   .    f - +0 crystal plate armour
rPois   .          Reflect  .    (helmet restricted)
rElec   .          Harm     .    (no cloak)
rCorr   +          Rampage  .    (no gloves)
Will    .....                    (boots unavailable)
Stlth   ..........               g - amulet "Jaogg" {Acrobat rCorr Str+4 SInv}
HPRegen 0.25/turn                (no ring)
MPRegen 0.12/turn                (no ring)

@: flying quickly and evasively, quick
A: beak, talons 3, nimble flight
a: no special abilities


You were on level 4 of the Dungeon.
You visited 1 branch of the dungeon, and saw 4 of its levels.
You also visited: Sewer.

You collected 142 gold pieces.
You spent 108 gold pieces at shops.

Inventory:

Hand Weapons
 a - a +1 dagger of protection
 i - a +5 spear
 o - a +0 war axe (weapon)
Missiles
 n - 6 poisoned darts
Armour
 c - a +0 robe
 f - a +0 crystal plate armour (worn)
Jewellery
 e - an amulet of guardian spirit
 g - the amulet "Jaogg" (around neck) {Acrobat rCorr Str+4 SInv}
   (You acquired it on level 2 of the Dungeon)

   [amulet of the acrobat]

   It increases your evasion while moving and waiting.
   Str:       It affects your strength (+4).
   SInv:      It lets you see invisible.
   rCorr:     It protects you from acid and corrosion.
Wands
 d - a wand of flame (5)
Scrolls
 q - 2 scrolls of identify
Potions
 b - 3 potions of heal wounds
 h - 2 potions of haste {unknown}
 j - a potion of resistance {unknown}
 k - 4 potions of attraction
 l - 2 potions of invisibility {unknown}
 m - 6 potions of curing
 p - a potion of cancellation {unknown}


   Skills:
 + Level 2.2 Fighting
 + Level 2.5(2.6) Axes
 - Level 0.9(1.8) Polearms
 + Level 2.4 Armour
 + Level 2.0 Shields
 - Level 3.1 Spellcasting
 - Level 3.0 Conjurations
 - Level 6.0 Air Magic
 + Level 2.4 Evocations


You had 10 spell levels left.
You knew the following spells:

 Your Spells              Type           Power      Damage    Failure   Level
a - Shock                 Conj/Air       56%        1d6       100%        1

Your spell library contained the following spells:

 Spells                   Type           Power      Damage    Failure   Level
 Slow                     Hex            8%         N/A       100%        1
 Cigotuvi's Dreadful Rot  Necr/Pois/Air  14%        N/A       100%        2
 Searing Ray              Conj           20%        2d5       100%        2
 Static Discharge         Conj/Air       28%        2-4/arc   100%        2
 Call Canine Familiar     Summ           2%         N/A       100%        3
 Confusing Touch          Hex            2%         N/A       100%        3
 Portal Projectile        Hex/Tloc       4%         N/A       100%        3
 Vampiric Draining        Necr           2%         2d6       100%        3
 Leda's Liquefaction      Hex/Erth       1%         N/A       100%        4
 Summon Lightning Spire   Summ/Air       10%        N/A       100%        4
 Chain Lightning          Conj/Air       7%         3d9       100%        9
 Fire Storm               Conj/Fire      3%         8d1       100%        9
 Shatter                  Erth           1%         3d5*      100%        9


Dungeon Overview and Level Annotations

Branches:
Dungeon (4/15)              Sewer (visited)
 Temple: D:4-7

Altars:
Makhleb

Shops:
D:2 (   D:4 [


Innate Abilities, Weirdness & Mutations

You have a beak for a mouth.
You have claws for feet.
Your magical nature lets you fly swiftly and evasively.


Message History

The gnoll bouda shouts!
A gnoll comes into view. It is wielding a +0 halberd.
The gnoll bouda barks out a call to the hunt!
The gnoll picks up the pace!
You hear a shout!
You see here 14 gold pieces.
A gnoll comes into view. It is wielding a +0 whip.
The gnoll shouts!
The gnoll closely misses you.
A gnoll comes into view. It is wielding a +0 halberd.
The gnoll barely misses you.
You slash the gnoll bouda!
The gnoll bouda is heavily wounded.
The gnoll hits you from afar with a +0 halberd.
You hit the gnoll bouda.
The gnoll bouda is severely wounded.
The gnoll hits you but does no damage.
The gnoll bouda hits you with a +0 club.
The gnoll hits you but does no damage.
The gnoll hits you from afar with a +0 halberd.
The gnoll bouda hits you but does no damage.
The gnoll hits you from afar with a +0 halberd.
You slash the gnoll bouda!
You kill the gnoll bouda!
The gnoll hits you but does no damage. x2
Unknown command.
You barely miss the gnoll. You claw the gnoll! Your peck misses the gnoll.
The gnoll is heavily wounded.
The gnoll hits you but does no damage.
The gnoll hits you from afar with a +0 halberd. x2
The gnoll hits you but does no damage.
Unknown command.
You slash the gnoll!
You kill the gnoll!
The gnoll is no longer moving quickly.
The gnoll hits you from afar with a +0 halberd.
The gnoll hits you from afar with a +0 halberd!
* * * LOW HITPOINT WARNING * * *
The gnoll hits you from afar with a +0 halberd!
You die...

##.## #....# #.# #..##
####.# #.# ##..## #.# #.#
##..## #.# #.#
######..######.#######.#
........................#
########..#####.#########
##.$.# #.# ###@# #.# #)#
#.#


g.g ... ##.###.# ..$ ... #.# ... #.. You could see 2 gnolls.

Vanquished Creatures
  A gnoll bouda (D:4)
  An orc priest (D:2)
  An orc wizard (D:3)
  A hell rat (Sewer)
  Robin (D:2)
  A gnoll (D:4)
  4 adders
  A river rat (D:3)
  An ufetubus (D:4)
  3 worms
  7 orcs
  8 bats
  7 endoplasms
  19 giant cockroaches
  10 hobgoblins
  3 jackals (D:2)
  2 quokkas (D:1)
  11 ball pythons
  3 frilled lizards
  15 goblins
  11 kobolds
  11 rats
122 creatures vanquished.

Vanquished Creatures (others)
  A plant (D:3)
1 creature vanquished.

Grand Total: 123 creatures vanquished

Notes
Turn   | Place    | Note
-------+----------+-------------------------------------------
     0 | D:1      | Manisia the Tengu Wanderer began the quest for the Orb.
     0 | D:1      | Manisia set off with the following items: a +0 club, a
                  | potion of heal wounds, a +0 robe, a wand of flame (5); and
                  | the following spell memorised: Shock; and the following
                  | spells available to memorise: Static Discharge, Searing
                  | Ray, Cigotuvi's Dreadful Rot, Summon Lightning Spire.
     0 | D:1      | Reached XP level 1. HP: 10/10 MP: 5/5
   206 | D:1      | Reached XP level 2. HP: 15/15 MP: 0/7
   412 | D:1      | Reached skill level 6 in Air Magic
   587 | D:1      | Reached XP level 3. HP: 19/19 MP: 4/8
  1658 | D:2      | Found Fochem's Antique Weapon Shoppe.
  1788 | D:2      | Found a faded altar of an unknown god.
  1824 | D:2      | Reached XP level 4. HP: 24/24 MP: 9/9
  1862 | D:2      | Reached skill level 1 in Axes
  1862 | D:2      | Reached skill level 1 in Armour
  1862 | D:2      | Reached skill level 1 in Shields
  1936 | D:2      | Reached skill level 1 in Fighting
  2047 | D:2      | Noticed Robin
  2066 | D:2      | Killed Robin
  2067 | D:2      | Gained mutation: Your magical nature lets you fly swiftly
                  | and evasively. [Tengu growth]
  2067 | D:2      | Reached XP level 5. HP: 26/29 MP: 7/10
  2351 | D:2      | Identified a scroll of acquirement
  2351 | D:2      | Acquired the amulet "Jaogg" {Acrobat rCorr Str+4 SInv}
  2498 | D:3      | Found a burning altar of Makhleb.
  2636 | D:3      | Found a glowing drain.
  2658 | Sewer    | Entered a sewer
  2945 | D:3      | Reached XP level 6. HP: 27/35 MP: 11/11
  3074 | D:2      | Bought a war axe for 108 gold pieces
  3385 | D:4      | Found Uriemuh's Antique Armour Shop.
  3616 | D:4      | Slain by a gnoll

Illustrated notes

Levels and vault maps discovered:
D:1:      ncdulo_halloftheorcs, layout_basic, grunt_decor_fettered,
          nicolae_figureground_sparkle
D:2:      layout_loops_cross, serial_shops, shop, ebering_ecumenical_altar_webs,
          minmay_liquid_box, uniq_robin
D:3:      minmay_roachtagon, layout_loops_cross, mainiacjoe_overflow_boulevard,
          portal_sewer_entry_e
D:4:      layout_basic, old_standard_altar, serial_shops, shop

Skill      XL: |  1  2  3  4  5  6 |
---------------+-------------------+-----
Air Magic      | 6 |  6.0
Conjurations   | 3 |  3.0
Axes           | 1 2 |  2.5
Armour         | 1 2 |  2.4
Shields        | 1 2 |  2.0
Fighting       | 1 2 |  2.2
Evocations     | 2 |  2.4
Polearms       | |  0.9
Spellcasting   | |  3.1

Action                   |  1- 3 |  4- 6 || total
-------------------------+-------+-------++-------
Melee: Spear             |    35 |   147 ||   182
       Kick              |     5 |    22 ||    27
       Peck              |     3 |    21 ||    24
       Punch             |     1 |     2 ||     3
       War axe           |       |    24 ||    24
 Cast: Shock             |    64 |       ||    64
  Use: Scroll            |       |    10 ||    10
Armor: Robe              |     2 |       ||     2
       Crystal plate arm |    27 |   133 ||   160
Dodge: Dodged            |     3 |    19 ||    22

Table legend: (Time is in decaauts)
 A = Elapsed time spent in this place.
 B = Non-inter-level travel time spent in this place.
 C = Inter-level travel time spent in this place.
 D = Time resting spent in this place.
 E = Time spent auto-exploring this place.
 F = Levels seen in this place.
 G = Mean time per level.
                   A        B        C        D        E       F      G
               +--------+--------+--------+--------+--------+-----+--------+
         Total |   3514 |   3177 |    337 |     51 |   2484 |   5 |  702.8 |
       Dungeon |   3410 |   3073 |    337 |      0 |   2474 |   4 |  852.5 |
         Sewer |    103 |    103 |      0 |     51 |      9 |   1 |  103.0 |
               +--------+--------+--------+--------+--------+-----+--------+

Top non-repeatable levels by time:
     D:1: 1657 daAuts
     D:2: 737 daAuts
     D:3: 719 daAuts
     D:4: 295 daAuts
   Sewer: 103 daAuts
